Arrhythmia, chaotic female vampiric Convict --- -------- --.--- -----------..|.|.---|....-- --- |..................---....| --.---- -............|--.*.| --...|>--- --- --..........--- |.).| |........| ---- --.-- ----- |..........------[..| --........---..| |...-- ---..... --.....-.....)%)).|.---- |...........*..|--....| -......- ---.......[------|....-- --.....--......--|.....--- ---.@--- |.....--.--- --....-- |.....-----..--- |.......- |.0s.| ---...||...| ---...---.....-------------..---... - ---..---- ---.---..| --..........(.....................| |.....- |......| --.----......---------------- ..-- --.......- --...--- |%| ---....--.|.|..| .- ........- #|...| |.---------.........-- . ......-...- . --..--- |...|.|.--|..........| -- ....... ... |...- |.^<......|..........| ----..... ..| --....- -...................-- -..... | ...... |....--......|.|.|.--- ----.| -.--.- ---.----.--.-------- -- -- -- --- ------ Arrhythmia the Jail-bird Experience level: 8 Strength: 18 Dexterity: 9 Constitution: 20 Intelligence: 12 Wisdom: 9 Charisma: 7 Health: 0(93) Energy: 44(44) AC: 0 Gold: 11 Moves: 2174 Your Inventory: Coins $ - 11 gold pieces Armor b - a cursed +0 striped shirt (being worn) i - an [uncursed] +0 pair of hard shoes [of fire resistance (iron)] (being worn) l - an [uncursed] +0 hard hat [dwarvish iron helm] (being worn) t - a cursed +0 dwarvish mithril-coat (being worn) Comestibles z - an [uncursed] Hot Futa Mare Dick named Ward against pink guy Scrolls k - an [uncursed] scroll labeled HACKEM MUCHE [of taming] u - an [uncursed] scroll of teleportation v - an [uncursed] scroll labeled PRATYAVAYAH [of magic mapping] Spellbooks p - an [uncursed] dark brown spellbook [of cone of cold] Rings e - an [uncursed] ivory ring [of stealth] Wands q - an [uncursed] wand of magic missile [0:0] Tools n - an [uncursed] looking glass [mirror] o - an [uncursed oil] lamp (0:0) s - an [uncursed] lock pick w - an [uncursed] skeleton key B - an [uncursed +0] pick-axe (alternate weapon; not wielded) Gems d - an [uncursed] stone called Not touch [luckstone] A - an [uncursed] stone called Touch [touchstone] Spells known in the end: Name Level Category Fail Memory Your skills at the end: Fighting Skills Weapon Skills sling [Basic / Skilled] Spellcasting Skills Final Attributes: You were piously aligned. Hunger level was 600. Your alignment was 20 / 20. Monster difficulty range was 1 - 7. Level difficulty was 7. You were immune to fire. You were immune to poison. You were immune to level-drain. You were immune to sickness. You were punished. You could fly. You could survive without air. You regenerated. You were lucky (2). You had extra luck. Bad luck did not time out for you. Good luck did not time out for you. You are dead. Vanquished creatures: a vampire bat a plains centaur 2 human zombies 2 snow ants 3 fog clouds 6 gnome lords a gnomish wizard a straw golem a giant ant 9 dwarves a kobold lord 2 rothes 2 rabid rats a monkey 3 wererats 2 acid blobs 2 hobbits a giant rat a brown mold a green mold 47 gnomes 3 garter snakes a gnome zombie a jackal a fox 2 goblins 5 sewer rats 3 grid bugs a lichen 3 newts 110 creatures vanquished. Voluntary challenges: You went without food. You used a wielded weapon 1 time. You read items or engraved 2 times. You put on armor 6 times. You never genocided any monsters. You never polymorphed an object. You never changed form. You used no wishes. You abstained from Elbereth's help. You never encountered a bones level. You never used any Sokoban shortcuts. Dungeon overview: The Dungeons of Doom: levels 1 to 2 Level 1 a long staircase Level 2 stairs to The Gnomish Mines The Gnomish Mines: levels 3 to 7 Level 3 stairs to The Dungeons of Doom Level 6 a fountain, a sink Level 7 <- You were here History has recorded: On T:1 you entered the Dungeons of Doom to retrieve the Amulet of Yendor! On T:252 you reached level 2 of The Dungeons of Doom. On T:261 you advanced to experience level 2. On T:286 you reached level 1 of The Gnomish Mines. On T:292 you advanced to experience level 3. On T:299 you advanced to experience level 4. On T:359 you advanced to experience level 5. On T:613 you reached level 2 of The Gnomish Mines. On T:631 you advanced to experience level 6. On T:883 you reached level 3 of The Gnomish Mines. On T:943 you advanced to experience level 7. On T:1296 you reached level 4 of The Gnomish Mines. On T:1405 you reached level 5 of The Gnomish Mines. On T:1588 you advanced to experience level 8. Latest messages: Your surroundings suddenly seem different. [HP+1=5] [HP+1=6] You stop searching. [HP+1=7] [2 turns] [HP+1=8] [HP+1=9] [HP+1=10] [HP+1=11] [2 turns] [HP+1=12] [HP+1=13] [2 turns] The giant spider bites! [HP-2=11] You begin bashing monsters with your bare hands. You miss the giant spider. You bite the giant spider. You feed on the lifeblood. The giant spider suddenly seems weaker! The giant spider bites! (2x) You die... Final status: Goodbye Arrhythmia the Convict... You died in The Gnomish Mines on dungeon level 7 with 3470 points, and 11 pieces of gold, after 2174 moves. You were level 8 with a maximum of 93 hit points when you died.